 Dungeon Crawl Stone Soup version 0.18.1-5-g4a78601 (webtiles) character file.

134 Mefis the Magician (level 4, 0/24 HPs)
             Began as a Deep Elf Wizard on May 13, 2016.
             Slain by a rat (2 damage)
             ... on level 3 of the Dungeon.
             The game lasted 00:04:59 (2521 turns).

Mefis the Magician (Deep Elf Wizard)                Turns: 2521, Time: 00:04:59

Health: 0/24       AC:  2    Str:  4    XL:     4   Next: 95%
Magic:  5/13       EV: 13    Int: 24    God:
Gold:   56         SH:  0    Dex: 13    Spells: 6 memorised, 0 levels left

rFire  . . .     SeeInvis .     f - +0 dagger
rCold  . . .     Gourm    .     a - +0 robe
rNeg   . . .     Faith    .     (no shield)
rPois  .         Spirit   .     b - +0 hat
rElec  .         Dismiss  .     (no cloak)
rCorr  .         Reflect  .     (no gloves)
SustAt .         Harm     .     (no boots)
MR     +....                    (no amulet)
Stlth  ++........               (no ring)
                                n - ring of protection from magic

@: somewhat resistant to hostile enchantments, unstealthy
A: no striking features
a: no special abilities


You were on level 3 of the Dungeon.
You were not hungry.

You visited 1 branch of the dungeon, and saw 3 of its levels.

You collected 56 gold pieces.

Inventory:

Hand Weapons
 f - a +0 dagger (weapon)
Missiles
 v - 2 throwing nets (quivered)
 y - 14 arrows
Armour
 a - a +0 robe (worn)
 b - a +0 hat (worn)
Jewellery
 n - a ring of protection from magic (left hand)
 u - an uncursed amulet of dismissal {unknown}
Scrolls
 j - a scroll of amnesia {unknown}
 l - 3 scrolls of enchant armour {unknown}
 q - 3 scrolls of teleportation {unknown}
 r - a scroll of fog {unknown}
 z - 2 scrolls of identify {unknown}
Potions
 e - a potion of flight {unknown}
 g - 2 potions of haste {unknown}
 i - a potion of magic {unknown}
 k - a potion of lignification {unknown}
 m - a potion of might {unknown}
 o - a potion of resistance {unknown}
 p - a potion of heal wounds {unknown}
 t - a potion of curing
Books
 c - a book of Minor Magic

   Spells                             Type                      Level
   a - Magic Dart                     Conjuration                  1
   b - Blink                          Translocation                2
   c - Call Imp                       Summoning                    2
   d - Repel Missiles                 Charms/Air                   2
   e - Slow                           Hexes                        2
   f - Conjure Flame                  Conjuration/Fire             3
   g - Mephitic Cloud                 Conjuration/Poison/Air       3
Comestibles
 d - 3 bread rations
 h - 2 fruits
 s - a meat ration
 w - a beef jerky
 x - 3 chunks of flesh


   Skills:
 + Level 3.1 Dodging
 + Level 3.2 Stealth
 + Level 5.2 Spellcasting
 * Level 3.2 Conjurations
 + Level 1.4 Summonings
 - Level 1.1 Translocations
 + Level 1.0 Fire Magic
 + Level 0.7 Poison Magic


You couldn't memorise any spells.
You knew the following spells:

 Your Spells              Type           Power        Failure   Level  Hunger
a - Magic Dart            Conj           ###.         1%          1    None
b - Call Imp              Summ           ##......     10%         2    None
c - Blink                 Tloc           N/A          12%         2    None
d - Repel Missiles        Chrm/Air       #.....       14%         2    None
e - Mephitic Cloud        Conj/Pois/Air  ##......     17%         3    ##.....
f - Conjure Flame         Conj/Fire      ###.....     12%         3    ##.....


Dungeon Overview and Level Annotations

Branches:
Dungeon (3/15)

Altars:
Trog


Message History

You hit the rat.
You kill the rat!
The worm barely misses itself.
The moth of wrath goads the worm on!
The worm goes berserk!
The moth of wrath goads the rat on!
The rat goes berserk!
The rat bites you.
You hit the worm.
The worm is lightly wounded.
The rat bites you. The worm bites you!
Ouch! That really hurt!
* * * LOW HITPOINT WARNING * * *
The worm misses you. The rat closely misses you.
The worm barely misses the worm.
The rat completely misses you. The rat bites you.
* * * LOW HITPOINT WARNING * * *
The worm bites itself.
There is an open door here.
The rat bites you.
You die...

###### ##....### ##
##.....w.## .
#.........# #.
#..w.#....# #.###
####..5###...)#
#...###.@r..5#y#._.)#
#.....##...###...)#
#<######....#....##
#.# #........)# ..#
##.......## .###
##....### .. ##### ..
.##


You could see a moth of wrath, a worm (berserk), a rat (berserk), a friendly
white imp and a friendly shadow imp.

Vanquished Creatures
  A worker ant (D:2)
  4 adders (D:2)
  A gnoll (D:2)
  An ooze (D:1)
  2 dart slugs (D:1)
  A giant gecko (D:2)
  A ball python (D:2)
  4 bats
  3 giant cockroaches
  6 goblins
  8 hobgoblins
  6 giant newts
  2 kobolds (D:1)
  4 rats
44 creatures vanquished.

Vanquished Creatures (collateral kills)
  3 gnolls (D:2)
3 creatures vanquished.

Grand Total: 47 creatures vanquished

Notes
Turn   | Place    | Note
--------------------------------------------------------------
     0 | D:1      | Mefis the Deep Elf Wizard began the quest for the Orb.
     0 | D:1      | Reached XP level 1. HP: 10/10 MP: 7/7
   277 | D:1      | Reached XP level 2. HP: 15/15 MP: 3/9
   412 | D:1      | Learned a level 2 spell: Call Imp
   415 | D:1      | Learned a level 2 spell: Blink
   418 | D:1      | Learned a level 2 spell: Repel Missiles
  1110 | D:1      | Reached XP level 3. HP: 19/19 MP: 9/11
  1564 | D:2      | Reached skill level 5 in Spellcasting
  1693 | D:2      | Reached XP level 4. HP: 12/24 MP: 2/13
  1702 | D:2      | Learned a level 3 spell: Mephitic Cloud
  1706 | D:2      | Learned a level 3 spell: Conjure Flame
  2313 | D:2      | Reached skill level 1 in Fire Magic
  2499 | D:3      | Noticed a moth of wrath
  2501 | D:3      | Found a bloodstained altar of Trog.
  2521 | D:3      | Slain by a rat

Skill      XL: |  1  2  3  4 |
---------------+-------------+-----
Conjurations   | 2 3 |  3.2
Spellcasting   | 5 |  5.2
Stealth        | 3 |  3.2
Dodging        | 3 |  3.1
Fire Magic     | 1 |  1.0
Summonings     | |  1.4
Translocations | |  1.1
Poison Magic   | |  0.7

Action                   |  1- 3 |  4- 6 || total
-------------------------+-------+-------++-------
Melee: Unarmed           |     8 |       ||     8
       Dagger            |     4 |     4 ||     8
 Cast: Magic Dart        |    77 |    34 ||   111
       Call Imp          |     4 |     2 ||     6
       Mephitic Cloud    |       |     2 ||     2
  Use: Potion            |       |     1 ||     1
  Eat: Chunk             |     2 |     3 ||     5
Armor: Robe              |     5 |     1 ||     6
Dodge: Dodged            |    15 |    11 ||    26
